 Dungeon Crawl Stone Soup version 0.29.1-2-gbd0b4ee654 (webtiles) character file.

Game seed: 14169547091562203460

53 glubgluby the Trooper (level 3, -1/29 HPs)
             Began as a Demonspawn Abyssal Knight on Nov 14, 2022.
             Was a Believer of Lugonu.
             Slain by an iguana (5 damage)
             ... on level 2 of the Dungeon.
             The game lasted 00:02:42 (1497 turns).

glubgluby the Trooper (Demonspawn Abyssal Knight)   Turns: 1497, Time: 00:02:43

Health: -1/29      AC:  5    Str: 15    XL:     3   Next: 62%
Magic:  5/5        EV: 11    Int: 11    God:    Lugonu [**....]
Gold:   113        SH:  0    Dex: 13    Spells: 2/2 levels left

rFire   . . .      SeeInvis .   a - +1 spear
rCold   . . .      Faith    .   (no shield)
rNeg    . . .      Spirit   .   b - +0 leather armour
rPois   .          Reflect  .   e - +0 helmet
rElec   .          Harm     .   (no cloak)
rCorr   .          Rampage  .   g - +0 pair of gloves
Will    .....                   (no boots)
Stlth   +.........              (no amulet)
HPRegen 0.09/turn               (no ring)
MPRegen 0.09/turn               (no ring)

@: no status effects
A: powered by death 1
a: Renounce Religion, Depart the Abyss, Bend Space


You were on level 2 of the Dungeon.
You worshipped Lugonu.
Lugonu was pleased with you.
You visited 1 branch of the dungeon, and saw 2 of its levels.
You visited the Abyss 1 time.

You collected 113 gold pieces.

Inventory:

Hand Weapons
 a - a +1 spear (weapon)
Missiles
 m - 2 javelins
Armour
 b - a +0 leather armour (worn)
 e - a +0 helmet (worn)
 g - a +0 pair of gloves (worn)
Jewellery
 c - a ring of resist corrosion
Scrolls
 f - a scroll of butterflies {unknown}
 h - a scroll of immolation {unknown}
 i - a scroll of enchant armour {unknown}
 j - a scroll of identify {unknown}
 k - 2 scrolls of fear {unknown}
 l - a scroll of enchant weapon {unknown}
 n - 2 scrolls of blinking {unknown}
Potions
 d - a potion of lignification {unknown}


   Skills:
 * Level 3.5 Fighting
 * Level 2.6 Polearms
 + Level 2.0 Armour
 + Level 1.4 Dodging
 + Level 2.8 Invocations


You had 2 spell levels left.
You didn't know any spells.
Your spell library contained the following spells:

 Spells                   Type           Power      Damage    Failure   Level
 Sting                    Tmut/Pois      0%         1d3       41%         1
 Poisonous Vapours        Pois/Air       0%         N/A       54%         2
 Olgreb's Toxic Radiance  Pois           0%         N/A       99%         4


Dungeon Overview and Level Annotations

Branches:
Dungeon (2/15)

Altars:


Innate Abilities, Weirdness & Mutations

You regenerate a little health from kills.


Message History

An iguana comes into view.
An iguana is nearby!
You reach to attack!
You hit the iguana.
The iguana is lightly wounded.
The iguana hisses menacingly.
You barely miss the iguana.
The iguana is lightly wounded.
The iguana bites you!
You hit the iguana but do no damage.
The iguana is lightly wounded.
The iguana closely misses you.
You hit the iguana but do no damage.
The iguana is lightly wounded.
The iguana barely misses you.
You hit the iguana.
The iguana is lightly wounded.
The iguana barely misses you.
You hit the iguana but do no damage.
The iguana is lightly wounded.
The iguana bites you!
An iguana is nearby!
An iguana is nearby!
You are too injured to fight recklessly!
You are too injured to fight recklessly!
You hit the iguana but do no damage.
The iguana is lightly wounded.
The iguana barely misses you.
You hit the iguana.
The iguana is moderately wounded.
The iguana hisses menacingly.
The iguana barely misses you.
You hit the iguana.
The iguana is heavily wounded.
The iguana bites you.
* * * LOW HITPOINT WARNING * * *
You hit the iguana.
The iguana is severely wounded.
The iguana bites you but does no damage.
The iguana attacks as you move away! The iguana bites you.
You die...

#.#........#....##.#
#.#.#####.###)(.##.#
#........## ##..##.#
###.#####.###.......
#.# ##.#.#####.# #.#
##..#####.. #.#
#.#......## #.#
##..####.# #@# ##^#
#.# #l# #.# #.# #.#
#.. #.# #.. #### #.#
##. #.# .# #.# .# .#


You could see an iguana.

Vanquished Creatures
  A gnoll (D:1)
  2 dart slugs
  A bat (D:2)
  5 endoplasms
  3 giant cockroaches
  2 goblins
  3 hobgoblins (D:1)
  2 jackals (D:2)
  5 ball pythons
  7 frilled lizards (D:2)
  A kobold (D:2)
  6 rats
38 creatures vanquished.

Vanquished Creatures (others)
  9 plants
9 creatures vanquished.

Grand Total: 47 creatures vanquished

Notes
Turn   | Place    | Note
-------+----------+-------------------------------------------
     0 | Abyss:1  | glubgluby the Demonspawn Abyssal Knight began the quest for
                  | the Orb.
     0 | Abyss:1  | Reached XP level 1. HP: 18/18 MP: 2/2
    31 | Abyss:2  | Noticed a nagaraja simulacrum
    74 | Abyss:2  | Noticed a thrashing horror
    74 | Abyss:2  | Noticed a thrashing horror
    75 | D:1      | Escaped the Abyss
   266 | D:1      | Reached skill level 1 in Dodging
   550 | D:1      | Gained mutation: You regenerate a little health from kills.
                  | [demonic ancestry]
   550 | D:1      | Reached XP level 2. HP: 23/24 MP: 3/3
   552 | D:1      | Reached ** piety under Lugonu
   813 | D:1      | Reached XP level 3. HP: 29/29 MP: 5/5
  1371 | D:2      | Found a faded altar of an unknown god.
  1497 | D:2      | Slain by an iguana

Illustrated notes

Levels and vault maps discovered:
D:1:      dpeg_arrival_fog, layout_basic, minmay_misc_feat_iff
D:2:      layout_loops_ring, basic_altar, basic_ecumenical_altar,
          minmay_lizard_king

Skill      XL: |  1  2 |
---------------+-------+-----
Dodging        | 1 |  1.4
Polearms       | 2 |  2.6
Armour         | 2 |  2.0
Fighting       | |  3.5
Invocations    | |  2.8

Action                   || total
-------------------------++-------
Melee: Spear             ||   146
Invok: Depart the Abyss  ||     1
  Use: Scroll            ||     1
 Stab: Sleeping          ||     1
Armor: Leather armour    ||    34
Dodge: Dodged            ||    57
